AoeStats
← けい

Nomad

503131295Analyzed
4v4 RM · 1mo ago on Aug 30, 2026· 68m 29s· 8 players
Game mode
Random Map
Map size
231×231
Population
200
Speed
Normal
Resources
Standard
Victory
Conquest
Starting age
Dark Age
Ending age
Imperial Age
RankedLock teamsTeams togetherTeam positionsShared explorationLock speedFull tech treeHidden civsTurbo modeCheats
Victory
Defeat
🇨🇳 Spanish · China
1257
+14
🇹🇼 Persians · Taiwan
1256
+14
🇹🇼 Huns · Taiwan
1244
+14
🇯🇵 Dravidians · Japan
1208
+16
🇪🇸 Japanese · Spain
1260
-17
🇦🇺 Italians · Australia
1237
-16
🇩🇪 Celts · Germany
1178
-13
🇪🇸 Tatars · Spain
1161
-12
HAMADY
9:10 Loom
13:14 Feudal Age
17:24 Castle Age
15:26 Horse Collar
16:15 Double-Bit Axe
16:23 Gold Mining
20:13 Wheelbarrow
21:12 Bow Saw
22:54 Heavy Plow
27:01 Hand Cart
27:11 Town Watch
27:32 Fletching
32:43 Imperial Age
30:17 Padded Archer Armor
30:30 Bodkin Arrow
31:23 Leather Archer Armor
31:32 Ballistics
31:23 Thumb Ring
32:57 Medical Corps
34:51 Bracer
35:19 Town Patrol
36:24 Two-Man Saw
35:49 Elite Elephant Archer
38:47 Chemistry
38:21 Ring Archer Armor
41:01 Conscription
44:51 Scale Barding Armor
44:56 Forging
55:32 Husbandry
59:13 Light Cavalry
60:16 Chain Barding Armor
60:31 Iron Casting
63:45 Blast Furnace
けい
3:48 Loom
13:38 Feudal Age
14:36 Double-Bit Axe
18:43 Castle Age
17:57 Gold Mining
18:59 Scale Barding Armor
19:05 Forging
18:51 Horse Collar
22:54 Town Watch
24:38 Chain Barding Armor
29:00 Wheelbarrow
31:23 Heavy Plow
33:12 Bow Saw
38:33 Wheelbarrow
41:47 Imperial Age
40:35 Hand Cart
41:13 Iron Casting
40:28 Fletching
41:23 Husbandry
41:34 Bloodlines
41:33 Stone Mining
41:27 Cavalier
42:18 Bloodlines
43:53 Two-Man Saw
43:23 Crop Rotation
43:33 Crop Rotation
43:14 Kamandaran
43:27 Citadels
43:44 Conscription
43:23 Fletching
43:34 Padded Archer Armor
43:57 Ballistics
44:02 Bodkin Arrow
45:52 Chemistry
44:47 Murder Holes
45:28 Savar
46:24 Leather Archer Armor
45:31 Crossbowman
48:00 Thumb Ring
50:15 Plate Barding Armor
50:41 Blast Furnace
50:11 Ring Archer Armor
52:46 Elite Skirmisher
55:27 Gold Shaft Mining
55:27 Stone Shaft Mining
55:30 Town Patrol
60:54 Fervor
60:15 Elite War Elephant
62:11 Scale Mail Armor
神鬼戰士
6:12 Loom
16:46 Feudal Age
18:33 Wheelbarrow
17:44 Town Watch
17:47 Double-Bit Axe
18:33 Horse Collar
21:55 Castle Age
22:22 Stone Mining
22:55 Bow Saw
23:35 Hand Cart
23:49 Heavy Plow
31:15 Gold Mining
37:20 Imperial Age
35:31 Scale Barding Armor
35:37 Forging
35:17 Fletching
35:33 Murder Holes
36:01 Ballistics
36:58 Chain Barding Armor
38:00 Iron Casting
37:41 Bodkin Arrow
38:38 Conscription
37:46 Light Cavalry
38:27 Husbandry
38:38 Bloodlines
39:12 Plate Barding Armor
39:01 Hussar
40:23 Bracer
41:24 Blast Furnace
42:33 Chemistry
54:03 Capped Ram
54:55 Siege Ram
60:12 Two-Man Saw
62:33 Masonry
62:02 Cavalier
63:14 Paladin
仙逆许木
13:53 Feudal Age
12:35 Loom
17:44 Castle Age
15:32 Double-Bit Axe
16:00 Loom
18:57 Bow Saw
18:51 Horse Collar
21:11 Padded Archer Armor
23:30 Wheelbarrow
25:51 Leather Archer Armor
25:46 Fletching
27:40 Heavy Plow
27:40 Gold Mining
35:21 Imperial Age
33:25 Hand Cart
32:57 Town Watch
33:16 Stone Mining
34:26 Husbandry
35:36 Scale Barding Armor
35:41 Forging
35:31 Cavalier
36:51 Chain Barding Armor
42:46 Plate Barding Armor
Alejandro_Cao
4:25 Loom
5:06 Loom
16:11 Feudal Age
16:41 Double-Bit Axe
22:26 Castle Age
20:21 Fletching
22:08 Gold Mining
23:37 Medium Warships
23:39 Bodkin Arrow
24:14 Fishing Lines
26:52 Gold Shaft Mining
26:32 Gillnets
28:37 Wheelbarrow
34:02 Imperial Age
31:41 Squires
32:49 Scale Mail Armor
32:59 Forging
32:37 Arson
33:07 Pikeman
33:32 Gambesons
34:32 Halberdier
35:19 Horse Collar
36:18 Heavy Plow
37:13 Chain Mail Armor
37:22 Conscription
38:25 Iron Casting
38:34 Plate Mail Armor
40:55 Kataparuto
40:38 Bracer
40:33 Guard Tower
41:42 Masonry
42:18 Arrowslits
43:47 Stone Mining
45:08 Ballistics
47:02 Town Watch
49:15 Hand Cart
61:42 Blast Furnace
62:26 Padded Archer Armor
65:20 Chemistry
64:26 Siege Engineers
64:45 Leather Archer Armor
{DT}^9CaptainHero
4:10 Loom
13:59 Feudal Age
14:48 Double-Bit Axe
21:14 Castle Age
19:10 Horse Collar
21:02 Wheelbarrow
20:26 Fletching
20:37 Scale Mail Armor
22:25 Medium Warships
22:27 Bodkin Arrow
22:41 Heavy Plow
22:55 Bow Saw
22:34 Town Watch
22:11 Pikeman
23:13 Chain Mail Armor
23:09 Forging
24:41 Padded Archer Armor
24:36 Elite Skirmisher
29:31 Town Patrol
30:20 Leather Archer Armor
32:31 Fishing Lines
33:38 Gillnets
34:23 Husbandry
39:51 Imperial Age
38:51 Hand Cart
40:31 Halberdier
41:58 Iron Casting
41:57 Conscription
41:04 Elite Woad Raider
41:16 Capped Ram
42:22 Arson
51:42 Siege Ram
55:10 Furor Celtica
56:34 Onager
57:17 Gold Mining
57:18 Stone Mining
58:08 Siege Engineers
58:14 Masonry
58:00 Murder Holes
57:47 Treadmill Crane
59:16 Gold Shaft Mining
60:08 Siege Onager
61:20 Ballistics
62:01 Chemistry
62:57 Hoardings
Barrios
4:10 Loom
13:10 Feudal Age
13:42 Fishing Lines
14:03 Gold Mining
15:34 Double-Bit Axe
20:24 Castle Age
18:17 Stone Mining
18:26 Fletching
19:17 Horse Collar
24:55 Wheelbarrow
27:02 Forging
26:49 Bodkin Arrow
27:55 Bow Saw
28:57 Pikeman
32:17 Devotion
33:54 Squires
34:33 Gillnets
35:38 Scale Mail Armor
36:17 Bloodlines
36:28 Scale Barding Armor
37:27 Iron Casting
38:02 Silk Armor
39:58 Chain Barding Armor
39:49 Elite Skirmisher
42:00 Husbandry
41:52 Town Watch
42:28 Padded Archer Armor
43:53 Leather Archer Armor
51:54 Imperial Age
53:34 Bracer
54:35 Blast Furnace
54:09 Ring Archer Armor
58:29 Blast Furnace
59:53 Chemistry
MegaPanda
5:18 Loom
14:29 Feudal Age
19:22 Castle Age
17:20 Double-Bit Axe
17:47 Fishing Lines
20:19 Bow Saw
21:12 Fletching
22:51 Gillnets
28:33 Imperial Age
27:10 Thumb Ring
27:02 Bodkin Arrow
26:53 Horse Collar
27:07 Gold Mining
29:34 Bracer
29:35 Padded Archer Armor
30:58 Ballistics
31:39 Chemistry
31:31 Wheelbarrow
33:04 Leather Archer Armor
36:16 Hand Cart
36:23 Elite Genoese Crossbowman
37:55 Ring Archer Armor
37:25 Scale Mail Armor
37:35 Forging
43:13 Capped Ram
50:38 Chain Mail Armor
50:58 Iron Casting
55:34 Elite Skirmisher
Connection lost

Rejoining the realm…

Still unreachable

The connection could not be restored.

Session expired

The server has moved on; the page needs a fresh start.